 Dungeon Crawl Stone Soup version 0.31.0-4-g52a2dc7128 (webtiles) character file.

Game seed: 18352231456094059448

4567 MollyMolluskus the Grappler (level 10, -5/69 HPs)
             Began as an Octopode Fighter on Jan 21, 2024.
             Was a Believer of Wu Jian.
             Slain by a gnoll sergeant
             ... wielding a +0 trident
              (11 damage)
             ... on level 9 of the Dungeon.
             The game lasted 00:19:54 (7394 turns).

MollyMolluskus the Grappler (Octopode Fighter)      Turns: 7394, Time: 00:19:55

Health: -5/69      AC:  1    Str: 24    XL:     10   Next: 40%
Magic:  10/10      EV: 19    Int: 11    God:    Wu Jian [**....]
Gold:   176        SH:  8    Dex:  9    Spells: 9/9 levels left

rFire   . .          .
                       - Unarmed
rCold   . . .        a - +3 buckler
rNeg    . . .        (helmet restricted)
rPois   .            (no amulet)
rElec   +            f - ring "Abrej" {+Blink rElec Will+ Str+6 Dex-4}
rCorr   +            j - +5 ring of evasion
SInv    .            x - ring of resist corrosion
Will    +....        (no ring)
Stlth   ++++         (no ring)
HPRegen 0.31/turn    (no ring)
MPRegen 0.12/turn    (no ring)
                     (no ring)

%: no passive effects
@: no status effects
A: almost no armour, amphibious, 8 rings, camouflage 1, gelatinous body 1,
(nimble swimmer 1), tentacles
a: Renounce Religion, Evoke Blink, Wall Jump


You were on level 9 of the Dungeon.
You worshipped Wu Jian.
Wu Jian was pleased with you.
You visited 2 branches of the dungeon, and saw 10 of its levels.

You collected 404 gold pieces.
You spent 228 gold pieces at shops.

Inventory:

Missiles
 g - 18 poisoned darts
 r - a throwing net
 t - 4 curare-tipped darts
 w - 13 boomerangs
Armour
 a - a +3 buckler (worn)
Jewellery
 f - the ring "Abrej" (left tentacle) {+Blink rElec Will+ Str+6 Dex-4}
   (You acquired it on level 2 of the Dungeon)

   [ring of strength]

   Str+6:     It affects your strength (+6).
   Dex-4:     It affects your dexterity (-4).
   rElec:     It insulates you from electricity.
   Will+:     It increases your willpower.
   +Blink:    It lets you blink.
 j - a +5 ring of evasion (right tentacle)
 x - a ring of resist corrosion (on tentacle)
Wands
 e - a wand of mindburst (26)
 l - a wand of roots (19)
 v - a wand of flame (37)
 A - a wand of charming (7)
 B - a wand of digging (7)
Scrolls
 c - a scroll of blinking
 o - a scroll of poison
 q - a scroll of teleportation
 y - a scroll of immolation
 C - 2 scrolls of fog
 D - a scroll of identify
Potions
 b - 3 potions of might
 d - 3 potions of mutation
 h - 5 potions of heal wounds
 i - 5 potions of cancellation
 k - a potion of enlightenment
 m - 4 potions of curing
 n - a potion of haste
 p - a potion of ambrosia
 s - 2 potions of lignification
 u - 2 potions of resistance
 z - a potion of berserk rage
 E - a potion of invisibility


   Skills:
 + Level 6.7 Fighting
 - Level 4.0 Throwing
 + Level 6.7 Dodging
 - Level 6.0 Stealth
 - Level 6.0 Shields
 * Level 8.8 Unarmed Combat
 - Level 4.0 Evocations


You had 9 spell levels left.
You didn't know any spells.
Your spell library contained the following spells:

 Spells                   Type           Power      Damage    Failure   Level
 Summon Small Mammal      Summ           0%         N/A       38%         1
 Ensorcelled Hibernation  Hex/Ice        0%         N/A       52%         2
 Call Canine Familiar     Summ           0%         N/A       77%         3
 Dazzling Flash           Conj/Hex       0%         N/A       77%         3
 Gell's Gravitas          Tloc           0%         N/A       77%         3
 Mephitic Cloud           Conj/Alch/Air  0%         N/A       77%         3
 Passwall                 Erth           0%         N/A       77%         3
 Swiftness                Air            0%         N/A       77%         3
 Teleport Other           Tloc           0%         N/A       77%         3
 Anguish                  Hex/Necr       0%         N/A       99%         4
 Cause Fear               Hex            0%         N/A       99%         4
 Summon Blazeheart Golem  Fire/Summ      0%         N/A       99%         4
 Curse of Agony           Necr           0%         N/A       100%        5
 Silence                  Hex/Air        0%         N/A       100%        5
 Dispersal                Tloc           0%         N/A       100%        6
 Enfeeble                 Hex            0%         N/A       100%        7


Dungeon Overview and Level Annotations

Branches:
Dungeon (9/15)             Temple (1/1) D:6             Orc (0/2) D:9
   Lair: D:8-11

Altars:
Ashenzari
Cheibriados
Dithmenos
Elyvilon
Fedhas
Gozag
Hepliaklqana
Kikubaaqudgha
Makhleb
Qazlal
Sif Muna
Trog
Uskayaw
Wu Jian
Xom
Yredelemnul
Zin

Shops:
D:6 (   D:9 !!

Annotations:
D:4 3 runed translucent doors, sasquatch's ghost, amateur MfSh


Innate Abilities, Weirdness & Mutations

You cannot wear most types of armour.
You are amphibious.
You can wear up to eight rings at the same time.
Your skin changes colour to match your surroundings (Stealth+).
Your rubbery body absorbs attacks. (AC +1, EV +1)
((You are camouflaged when in or above water. (Stealth+)))
You have tentacles for arms and can constrict up to eight enemies at once.


Message History

The centaur barely misses you. The centaur closely misses you.
The gnoll bouda barks out a call to the hunt!
The centaur misses you. The centaur closely misses you.
You tentacle-slap the centaur but do no damage.
The centaur is moderately wounded.
The bullfrog hits you.
* * * LOW HITPOINT WARNING * * *
The centaur barely misses you. The centaur closely misses you.
Unknown command.
You bludgeon the centaur!
The centaur is almost dead.
You block the bullfrog's attack. The centaur completely misses you.
You block the centaur's attack. The bullfrog hits you.
* * * LOW HITPOINT WARNING * * *
Unknown command.
You tentacle-slap the centaur.
You kill the centaur!
The Council accepts your kill. You block the bullfrog's attack.
The gnoll sergeant completely misses you.
Unknown command.
You spin and attack the bullfrog repeatedly.
You tentacle-slap the bullfrog. You grab the bullfrog.
You squeeze the bullfrog!
The bullfrog is almost dead.
You bludgeon the bullfrog!
You kill the bullfrog!
The Council accepts your kill.
Things that are here:
a +0 orcbow; a centaur corpse Unknown command.
You spin and attack the gnoll sergeant.
You bludgeon the gnoll sergeant! You grab the gnoll sergeant.
You squeeze the gnoll sergeant, but do no damage.
The gnoll sergeant is moderately wounded.
You constrict the gnoll sergeant. Something hits you.
* * * LOW HITPOINT WARNING * * *
The gnoll sergeant escapes!
The gnoll sergeant hits you with a +0 trident!
You die...

#. .#.. #....^... ..#
... #........ ... ...
.. #........ ##.##..
...#........ . ...#.##
....#........ ..F ....
.#.##.....≈~~ #..
#g###...##.....≈∩≈
..##.##.)...# #...(.≈~~
.......@g#.## #........
...#.#.....# #........
# #.#.### #........
.###...# #........
#.....#.#######........
##.#...................
#...##################
####


You could see a gnoll sergeant (swift) and a gnoll bouda.

Vanquished Creatures
  Pikel (D:8)
  Jeremiah (D:8)
  2 wyverns
  3 steam dragons
  An acid dragon (D:8)
  A water moccasin (D:7)
  2 ice beasts (D:7)
  A sky beast (D:8)
  A black bear (D:7)
  5 centaurs
  4 phantoms
  2 bullfrogs
  A kobold brigand (D:7)
  A gnoll sergeant (D:8)
  4 scorpions
  7 wights
  A howler monkey (D:8)
  2 bombardier beetles
  5 hounds
  4 orc priests
  Crazy Yiuf (D:7)
  A centaur skeleton (D:3)
  6 jellies
  A gnoll bouda (D:4)
  An iguana (D:5)
  5 orc wizards
  12 gnolls
  7 adders
  A shadow imp (D:6)
  A white imp (D:6)
  2 ufetubi (D:5)
  An adder zombie (D:3)
  An adder skeleton (D:3)
  3 dart slugs
  26 orcs
  5 endoplasms
  4 giant cockroaches
  5 goblins
  6 hobgoblins
  11 kobolds
  3 quokkas
  2 ball pythons (D:1)
  A ball python skeleton (D:3)
  5 bats
  A frilled lizard (D:1)
  A quokka skeleton (D:3)
  4 rats
166 creatures vanquished.

Vanquished Creatures (others)
  A butterfly (D:3)
1 creature vanquished.

Grand Total: 167 creatures vanquished

Notes
Turn   | Place    | Note
-------+----------+-------------------------------------------
     0 | D:1      | MollyMolluskus the Octopode Fighter began the quest for the
                  | Orb.
     0 | D:1      | Reached XP level 1. HP: 16/16 MP: 1/1
   117 | D:1      | Reached XP level 2. HP: 7/21 MP: 2/2
   347 | D:1      | Reached skill level 1 in Stealth
   480 | D:1      | Reached XP level 3. HP: 22/26 MP: 3/3
   498 | D:1      | Found a faded altar of an unknown god.
  1019 | D:2      | Identified a scroll of acquirement
  1019 | D:2      | Acquired the ring "Abrej" {+Blink rElec Will+ Str+6 Dex-4}
  1656 | D:3      | Reached XP level 4. HP: 31/31 MP: 4/4
  1682 | D:3      | Reached skill level 3 in Unarmed Combat
  1838 | D:3      | Noticed a scorpion
  1851 | D:3      | Killed a scorpion
  1852 | D:3      | Reached XP level 5. HP: 35/36 MP: 5/5
  1956 | D:3      | Found a white marble altar of Elyvilon.
  2000 | D:3      | Found a glowing silver altar of Zin.
  2088 | D:3      | Found a shimmering blue altar of Sif Muna.
  2523 | D:4      | Found a runed translucent gate.
  2523 | D:4      | Found a runed translucent gate.
  2552 | D:4      | Found a runed translucent gate.
  2553 | D:4      | Noticed a phantom
  2553 | D:4      | Noticed sasquatch's ghost (amateur MfSh)
  2706 | D:4      | Reached XP level 6. HP: 40/43 MP: 6/6
  2722 | D:4      | Reached skill level 4 in Unarmed Combat
  3085 | D:4      | Reached XP level 7. HP: 45/48 MP: 7/7
  3412 | D:5      | Entered Level 5 of the Dungeon
  3465 | D:5      | Reached skill level 5 in Unarmed Combat
  3849 | D:5      | Identified the +3 hand axe of the Arena {speed, Int+2}
  3981 | D:5      | Reached XP level 8. HP: 35/54 MP: 8/8
  4305 | D:6      | Found a staircase to the Ecumenical Temple.
  4310 | D:6      | Reached skill level 5 in Stealth
  4319 | Temple   | Entered the Ecumenical Temple
  4335 | Temple   | Became a worshipper of the Wu Jian Council
  4433 | D:6      | Reached skill level 1 in Throwing
  4442 | D:6      | Reached skill level 5 in Fighting
  4442 | D:6      | Reached skill level 5 in Dodging
  4442 | D:6      | Reached skill level 6 in Unarmed Combat
  4685 | D:6      | Reached skill level 1 in Evocations
  4813 | D:6      | Found a broken altar of Ashenzari.
  4907 | D:6      | Found Kackop's Antique Weapon Shoppe.
  5019 | D:6      | Reached skill level 5 in Shields
  5253 | D:6      | Reached XP level 9. HP: 61/61 MP: 9/9
  5361 | D:6      | Found a shadowy altar of Dithmenos.
  5473 | D:7      | Reached * piety under Wu Jian
  5652 | D:7      | Reached skill level 7 in Unarmed Combat
  6220 | D:7      | Found a runed translucent door.
  6221 | D:7      | Noticed Crazy Yiuf
  6230 | D:7      | Killed Crazy Yiuf
  6396 | D:8      | Noticed Jeremiah
  6401 | D:8      | Killed Jeremiah
  6686 | D:8      | Reached XP level 10. HP: 68/68 MP: 10/10
  6703 | D:8      | Found a shimmering altar of Xom.
  6704 | D:8      | Noticed Pikel
  6718 | D:8      | Killed Pikel
  6719 | D:8      | Reached skill level 8 in Unarmed Combat
  7067 | D:8      | Reached ** piety under Wu Jian
  7259 | D:9      | Found Fataum Watuo's Distillery.
  7338 | D:9      | Bought a potion of invisibility for 96 gold pieces
  7338 | D:9      | Bought a potion of degeneration for 12 gold pieces
  7338 | D:9      | Bought a potion of heal wounds for 60 gold pieces
  7338 | D:9      | Bought a potion of heal wounds for 60 gold pieces
  7341 | D:9      | Found a staircase to the Orcish Mines.
  7349 | D:9      | Found Zodiw's Distillery.
  7394 | D:9      | Slain by a gnoll sergeant

Illustrated notes

Levels and vault maps discovered:
D:1:      ebering_hopf_link, layout_basic,
          chequers_ecumenical_altar_simple_redux
D:2:      layout_loops_cross, kennysheep_generic_room_15
D:3:      layout_loops_ring, nicolae_elyvilon_peaceful_grove,
          general_overflow_altar, zin_statuary, serial_undead, serial_undead_e,
          serial_undead_d, serial_undead_c, serial_undead_c, serial_undead_c
D:4:      layout_loops_ring, gammafunk_ghost_split, serial_bayou_lake_a
D:5:      layout_rooms
D:6:      minmay_angry_zag, layout_cave_pools, mainiacjoe_overflow_24_doors,
          grunt_dithmenos_smoke_and_mirrors, minmay_temple_entry_tees,
          serial_shops, shop
D:7:      layout_cave_pools, uniq_crazy_yiuf_cottage
D:8:      layout_cave_pools, lemuel_crystal_altar, uniq_jeremiah, uniq_pikel
D:9:      layout_gridville, old_standard_altar, mainiacjoe_overflow_paths,
          minmay_orc_entry_temple_small, serial_shops,
          nicolae_shop_tiny_waterfront, kennysheep_little_box,
          nicolae_shop_industrial_runoff, minmay_misc_feat_chi,
          minmay_fractal_squares_5
Temple:   bh_familiar_temple

Skill      XL: |  1  2  3  4  5  6  7  8  9 10 |
---------------+-------------------------------+-----
Stealth        | 1 2 3 4 5 6 |  6.0
Unarmed Combat | 3 4 5 6 7 8 |  8.8
Dodging        | 4 5 6 |  6.7
Fighting       | 4 5 6 |  6.7
Shields        | 4 5 6 |  6.0
Throwing       | 2 3 4 |  4.0
Evocations     | 1 3 4 |  4.0

Action                     |  1- 3 |  4- 6 |  7- 9 | 10-12 || total
---------------------------+-------+-------+-------+-------++-------
  Melee: Unarmed           |    80 |    83 |   246 |    58 ||   467
         Constrict         |    22 |    20 |    49 |     7 ||    98
         Tentacles         |    14 |    19 |    61 |    11 ||   105
         Punch             |     3 |     5 |    15 |     3 ||    26
  Throw: Stone             |       |     2 |       |       ||     2
Ability: Lunge             |       |       |    26 |     7 ||    33
         Whirlwind         |       |       |     9 |     8 ||    17
         Wall Jump         |       |       |       |     2 ||     2
  Evoke: Wand              |       |       |     3 |     2 ||     5
    Use: Scroll            |     9 |     4 |     9 |     1 ||    23
   Stab: Sleeping          |     9 |     4 |    14 |     3 ||    30
         Distracted        |       |       |     2 |       ||     2
 Armour: Skin              |    26 |    22 |    72 |    21 ||   141
  Dodge: Dodged            |    51 |    59 |   133 |    38 ||   281
  Block: Buckler           |    13 |    15 |    71 |    22 ||   121
